Sasquatch vs Punishers
(R1)
Created - October 19, 2017 at 19:00
Goals
|
Sasquatch |
0 |
1 |
2 |
1 |
4 |
Punishers |
2 |
1 |
0 |
0 |
3 |
|
Shots
|
Sasquatch |
9 |
8 |
9 |
2 |
28 |
Punishers |
13 |
13 |
11 |
0 |
37 |
|
1st period
1. Punishers , Robbie Earl 4 (Mattias Tedenby 2, Boone Jenner 5) at 13:52 (PP)
2. Punishers , Casey Cizikas 2 (Robbie Earl 5, David Rundblad 6) at 18:27
Penalties :
Tyler Randell (Gat) for Slashing (Minor) at 3:11, Jason Zucker (Gat) for Cross-checking (Minor) at 13:40, Filip Forsberg (Gat) for Hooking (Minor) at 18:49
2nd period
3. Sasquatch , Slava Voynov 1 (Drew Shore 5, Filip Forsberg 4) at 16:04
4. Punishers , Mattias Tedenby 5 (Robbie Earl 6) at 17:29 (PP)
Penalties :
Teemu Hartikainen (Gat) for Hooking (Minor) at 1:51, Stephane Da Costa (Gat) for Roughing (Minor) at 5:55, Boone Jenner (Pro) for Slashing (Minor) at 12:53, Drew Shore (Gat) for Tripping (Minor) at 13:00, Jonathan Blum (Gat) for Tripping (Minor) at 17:13, Mattias Tedenby (Pro) for Tripping (Minor) at 18:06
3rd period
5. Sasquatch , Tyler Randell 1 (Nick Leddy 3, Stephane Da Costa 2) at 18:45
6. Sasquatch , Drew Shore 3 (Filip Forsberg 5, Nick Leddy 4) at 19:27 (PP)
Penalties :
Mattias Tedenby (Pro) for Hooking (Minor) at 3:09, Teemu Hartikainen (Gat) for Holding (Minor) at 7:50, Adam McQuaid (Pro) for Interference (Minor) at 10:22, Ryan Strome (Gat) for Tripping (Minor) at 14:21, Stefan Elliott (Pro) for Hooking (Minor) at 18:54
Overtime #1
7. Sasquatch , Rickard Rakell 1 (Nick Leddy 5, Jonathan Blum 2) at 1:55
Penalties :
No Penalty
Goalie Stats
Corey Crawford (Gat), 34 saves from 37 shots - (0.919), W, 2-1-0, 61:39 minutes
Niklas Svedberg (Pro), 24 saves from 28 shots - (0.857), OTL, 3-0-1, 61:55 minutes
Players Stats for Sasquatch
Player Name G A P +/- PIM S H SB GA TA FO MP PP MP PK MP
------------------------------------------------------------------------------------
Brock Trotter 0 0 0 0 0 0 1 0 2 0 2/2 11:41 0:00 1:59
Drew Shore 1 1 2 1 2 4 4 0 1 0 12/28 22:27 4:10 6:44
Filip Forsberg 0 2 2 0 2 1 3 0 0 0 1/2 21:58 4:11 2:37
Garnet Hathaway 0 0 0 0 0 0 0 1 0 0 0/1 14:52 0:00 6:51
Jason Zucker 0 0 0 1 2 1 1 0 1 1 0/0 12:20 2:26 0:00
Jonathan Blum 0 1 1 1 2 2 2 0 0 0 0/0 25:12 1:58 4:04
Michal Jordan 0 0 0 0 0 0 0 1 0 0 0/0 3:17 0:00 0:00
Nick Leddy 0 3 3 1 0 3 4 0 0 1 0/0 23:47 4:39 0:00
Olli Maatta 0 0 0 0 0 0 0 0 0 1 0/0 14:51 0:55 4:04
Rickard Rakell 1 0 1 1 0 3 1 0 0 0 0/5 10:36 0:00 0:41
Ryan Strome 0 0 0 1 2 1 3 1 0 1 0/0 12:22 2:26 0:00
Sergey Kalinin 0 0 0 0 0 1 1 1 0 2 0/3 11:36 0:00 3:51
Slava Voynov 1 0 1 1 0 2 1 2 0 0 0/0 24:59 1:58 8:25
Stephane Da Costa 0 1 1 0 2 7 3 0 0 0 9/23 16:53 2:26 0:00
Teemu Hartikainen 0 0 0 1 4 0 3 0 0 0 0/0 11:30 0:00 2:15
Ty Rattie 0 0 0 0 0 1 0 0 0 0 0/1 10:21 4:11 0:00
Tyler Randell 1 0 1 0 2 1 3 0 0 0 1/2 13:32 0:00 0:00
Yann Sauvé 0 0 0 1 0 1 1 4 0 1 0/0 30:56 3:44 8:25
Players Stats for Punishers
Player Name G A P +/- PIM S H SB GA TA FO MP PP MP PK MP
------------------------------------------------------------------------------------
Adam McQuaid 0 0 0 -1 2 3 1 0 0 0 0/0 20:12 4:56 1:33
Boone Jenner 0 1 1 0 2 0 4 1 0 0 12/19 17:28 6:40 0:00
Casey Cizikas 1 0 1 1 0 3 1 0 0 0 11/20 17:17 5:08 0:48
Colton Gillies 0 0 0 -1 0 0 1 0 0 0 0/0 12:36 0:52 0:00
Damon Severson 0 0 0 0 0 1 0 0 2 2 0/0 15:41 7:33 0:00
David Laliberté 0 0 0 -1 0 3 2 2 0 0 0/0 18:23 5:08 1:24
David Rundblad 0 1 1 -1 0 2 0 3 2 1 0/0 32:17 7:33 4:19
Erik Nystrom 0 0 0 -1 0 1 0 0 0 0 0/0 6:06 0:00 0:11
Garret Ross 0 0 0 0 0 0 0 0 0 0 0/0 1:21 0:00 0:51
Jordan Schmaltz 0 0 0 0 0 0 0 1 0 0 0/0 9:19 0:00 0:45
Luke Adam 0 0 0 -1 0 0 0 0 0 0 6/8 10:19 0:00 0:00
Mattias Tedenby 1 1 2 -1 4 7 2 1 1 0 3/3 23:28 7:00 0:30
Miikka Salomaki 0 0 0 -1 0 1 0 1 0 1 0/0 14:25 0:21 0:59
Nick Schultz 0 0 0 -1 0 0 1 1 0 0 0/0 30:05 4:49 4:19
Oscar Sundqvist 0 0 0 -1 0 1 0 0 0 0 1/1 6:27 0:00 0:00
Robbie Earl 1 2 3 1 0 8 4 0 1 0 7/14 25:09 7:10 4:07
Stefan Elliott 0 0 0 -1 2 3 1 6 1 0 0/0 16:30 0:07 2:18
Tanner Glass 0 0 0 0 0 4 2 0 0 0 2/2 22:03 5:08 4:24
3 Stars
1 - Robbie Earl (Pro)
2 - Nick Leddy (Gat)
3 - Drew Shore (Gat)
Power Play
Sasquatch - 1 on 5 Attempt(s) - 20.00%
Punishers - 2 on 9 Attempt(s) - 22.22%
Penalty Kill
Sasquatch - 7 on 9 Attempt(s) - 77.78%
- Score 0 goal in Penalty Kill
Punishers - 4 on 5 Attempt(s) - 80.00%
- Score 0 goal in Penalty Kill
Team Stat
Sasquatch - Hits : 31 - Faceoff Wins : 25 - Blocked Shots : 10 - Penalty Minutes : 18
Punishers - Hits : 19 - Faceoff Wins : 42 - Blocked Shots : 16 - Penalty Minutes : 10
Official
Referees : Jackson Dave and Lee Chris
Linesman : Greg Devorski and Dan Schachte
Game Notes
Michal Jordan is injured at 15:04 of 1st period (Abdomen/Ribs)
Damon Severson is injured at 18:12 of 3rd period (Back Spasms)
Finance
Level 1 -- Attendance: 1434 (71.70%) -- Ticket Income $57,360
Level 2 -- Attendance: 753 (75.30%) -- Ticket Income $15,060
Total Attendance: 2187 (72.90%)
Total Ticket Income: $72,420
Other Income: $3,621
Total Income: $76,041
Sasquatch
5 vs 5 Forward
Center Left Wing Right Wing Time % Phy DF OF
1 Stephane Da Costa Filip Forsberg Tyler Randell 40 1 2 2
2 Drew Shore Jason Zucker Ryan Strome 30 1 2 2
3 Rickard Rakell Brock Trotter Garnet Hathaway 20 1 2 2
4 Sergey Kalinin Teemu Hartikainen Ty Rattie 10 1 2 2
5 vs 5 Defense
Defense Defense Time % Phy DF OF
1 Yann Sauvé Nick Leddy 40 1 2 2
2 Slava Voynov Jonathan Blum 30 1 2 2
3 Olli Maatta Michal Jordan 20 1 2 2
4 Jonathan Blum Nick Leddy 10 1 2 2
PowerPlay Forward
Center Left Wing Right Wing Time % Phy DF OF
1 Drew Shore Filip Forsberg Ty Rattie 60 1 2 2
2 Stephane Da Costa Jason Zucker Ryan Strome 40 1 2 2
PowerPlay Defense
Defense Defense Time % Phy DF OF
1 Nick Leddy Michal Jordan 60 1 2 2
2 Slava Voynov Jonathan Blum 40 1 2 2
Penalty Kill 4 Players Forward
Center Wing Time % Phy DF OF
1 Drew Shore Garnet Hathaway 60 1 2 2
2 Sergey Kalinin Teemu Hartikainen 40 1 2 2
Penalty Kill 4 Players Defense
Defense Defense Time % Phy DF OF
1 Yann Sauvé Slava Voynov 60 1 2 2
2 Olli Maatta Jonathan Blum 40 1 2 2
Penalty Kill - 3 Players Forward
Forward Time % Phy DF OF
1 Drew Shore 60 1 2 2
2 Rickard Rakell 40 1 2 2
Penalty Kill - 3 Players Defense
Defense Defense Time % Phy DF OF
1 Slava Voynov Yann Sauvé 60 1 2 2
2 Jonathan Blum Olli Maatta 40 1 2 2
4 vs 4 Forward
Center Wing Time % Phy DF OF
1 Drew Shore Filip Forsberg 60 1 2 2
2 Stephane Da Costa Tyler Randell 40 1 2 2
4 vs 4 Defense
Defense Defense Time % Phy DF OF
1 Michal Jordan Yann Sauvé 60 1 2 2
2 Nick Leddy Jonathan Blum 40 1 2 2
Last Minutes Offensive
Center Left Wing Right Wing Defense Defense
Stephane Da Costa Filip Forsberg Garnet Hathaway Nick Leddy Jonathan Blum
Last Minutes Defensive
Center Left Wing Right Wing Defense Defense
Drew Shore Teemu Hartikainen Garnet Hathaway Yann Sauvé Jonathan Blum
Goaltenders
Starting : Corey Crawford
Backup : Joonas Korpisalo
Extra Forwards
Normal : Rickard Rakell, Teemu Hartikainen, Stephane Da Costa - PP : Jason Zucker, Rickard Rakell - PK : Filip Forsberg
Extra Defensemen
Normal : Jonathan Blum, Slava Voynov, Yann Sauvé - PP : Yann Sauvé - PK : Slava Voynov, Michal Jordan
Penalty Shots
Ryan Strome, Tyler Randell, Jason Zucker, Nick Leddy, Filip Forsberg
Scratches
Andy Andreoff (Healthy), T.J. Tynan (Healthy), Danny DeKeiser (Left Knee Injury), Michal Jordan (Abdomen/Ribs Injury), Joey Laleggia (Healthy)
Jack Campbell (Healthy)
Punishers
5 vs 5 Forward
Center Left Wing Right Wing Time % Phy DF OF
1 Casey Cizikas Robbie Earl Mattias Tedenby 39 0 2 3
2 Boone Jenner Tanner Glass David Laliberté 30 0 2 3
3 Luke Adam Colton Gillies Miikka Salomaki 20 1 2 2
4 Oscar Sundqvist Erik Nystrom Mattias Tedenby 11 1 2 2
5 vs 5 Defense
Defense Defense Time % Phy DF OF
1 Nick Schultz David Rundblad 40 0 2 3
2 Adam McQuaid Stefan Elliott 30 0 2 3
3 Damon Severson Jordan Schmaltz 20 1 2 2
4 Nick Schultz David Rundblad 10 1 2 2
PowerPlay Forward
Center Left Wing Right Wing Time % Phy DF OF
1 Boone Jenner Robbie Earl Mattias Tedenby 60 0 1 4
2 Casey Cizikas Tanner Glass David Laliberté 40 0 1 4
PowerPlay Defense
Defense Defense Time % Phy DF OF
1 Damon Severson David Rundblad 60 0 2 3
2 Adam McQuaid Nick Schultz 40 0 2 3
Penalty Kill 4 Players Forward
Center Wing Time % Phy DF OF
1 Robbie Earl Tanner Glass 60 0 4 1
2 David Laliberté Mattias Tedenby 40 0 4 1
Penalty Kill 4 Players Defense
Defense Defense Time % Phy DF OF
1 Nick Schultz David Rundblad 60 0 4 1
2 Adam McQuaid Stefan Elliott 40 0 4 1
Penalty Kill - 3 Players Forward
Forward Time % Phy DF OF
1 Robbie Earl 60 0 4 1
2 Tanner Glass 40 0 4 1
Penalty Kill - 3 Players Defense
Defense Defense Time % Phy DF OF
1 Nick Schultz David Rundblad 60 0 5 0
2 Adam McQuaid Stefan Elliott 40 0 5 0
4 vs 4 Forward
Center Wing Time % Phy DF OF
1 Robbie Earl Tanner Glass 60 0 2 3
2 David Laliberté Mattias Tedenby 40 0 2 3
4 vs 4 Defense
Defense Defense Time % Phy DF OF
1 Nick Schultz David Rundblad 60 1 2 2
2 Adam McQuaid Stefan Elliott 40 1 2 2
Last Minutes Offensive
Center Left Wing Right Wing Defense Defense
Casey Cizikas Tanner Glass Mattias Tedenby Jordan Schmaltz Damon Severson
Last Minutes Defensive
Center Left Wing Right Wing Defense Defense
Luke Adam Robbie Earl David Laliberté Nick Schultz Stefan Elliott
Goaltenders
Starting : Niklas Svedberg
Backup : Louis Domingue
Extra Forwards
Normal : Colton Gillies, Boone Jenner, Miikka Salomaki - PP : Colton Gillies, Boone Jenner - PK : Miikka Salomaki
Extra Defensemen
Normal : Damon Severson, Jordan Schmaltz, Adam McQuaid - PP : Damon Severson - PK : Jordan Schmaltz, Adam McQuaid
Penalty Shots
Robbie Earl, Tanner Glass, David Laliberté, Mattias Tedenby, Casey Cizikas
Scratches
Radek Faksa (Healthy), Quinton Howden (Healthy), Damon Severson (Back Spasms Injury), Trevor Van Riemsdyk (Healthy), Dylan DeMelo (Healthy)
Aaron Palushaj (Healthy), Patrick Wiercioch (Healthy)
% Time on Ice - Sasquatch
Lines # - Real PCT - Wanted PCT - Time Play
Normal Forward
1 - 35% - 40% - 13:34
2 - 29% - 30% - 11:18
3 - 20% - 20% - 7:39
4 - 16% - 10% - 6:22
Normal Defense
1 - 37% - 40% - 14:20
2 - 27% - 30% - 10:27
3 - 29% - 20% - 11:16
4 - 7% - 10% - 2:50
PP Forward
1 - 63% - 60% - 4:11
2 - 37% - 40% - 2:26
PP Defense
1 - 70% - 60% - 4:39
2 - 30% - 40% - 1:58
PK Forward
1 - 68% - 60% - 8:29
2 - 32% - 40% - 4:00
PK Defense
1 - 67% - 60% - 8:25
2 - 33% - 40% - 4:04
PK3 Forward
1 - 0% - 60%
2 - 0% - 40%
PK3 Defense
1 - 0% - 60%
2 - 0% - 40%
44 Forward
1 - 84% - 60% - 3:10
2 - 16% - 40% - 0:37
44 Defense
1 - 70% - 60% - 2:40
2 - 30% - 40% - 1:07
Last Minute Offensive - 0:09
Last Minute Defensive - 0:00
Total
Forward - 61:55
Defense - 61:55
|
% Time on Ice - Punishers
Lines # - Real PCT - Wanted PCT - Time Play
Normal Forward
1 - 30% - 39% - 11:34
2 - 29% - 30% - 11:14
3 - 26% - 20% - 10:10
4 - 15% - 11% - 5:55
Normal Defense
1 - 43% - 40% - 16:45
2 - 33% - 30% - 12:42
3 - 21% - 20% - 8:09
4 - 3% - 10% - 1:17
PP Forward
1 - 59% - 60% - 7:21
2 - 41% - 40% - 5:08
PP Defense
1 - 60% - 60% - 7:33
2 - 40% - 40% - 4:56
PK Forward
1 - 79% - 60% - 5:13
2 - 21% - 40% - 1:24
PK Defense
1 - 65% - 60% - 4:19
2 - 35% - 40% - 2:18
PK3 Forward
1 - 0% - 60%
2 - 0% - 40%
PK3 Defense
1 - 0% - 60%
2 - 0% - 40%
44 Forward
1 - 71% - 60% - 2:42
2 - 29% - 40% - 1:05
44 Defense
1 - 59% - 60% - 2:14
2 - 41% - 40% - 1:33
Last Minute Offensive - 0:00
Last Minute Defensive - 0:09
Total
Forward - 61:55
Defense - 61:55
|
Play by Play
1st period
0:01 of 1st period - Stephane Da Costa wins face-off versus Casey Cizikas in neutral zone.
0:04 of 1st period - Robbie Earl is hit by Yann Sauvé.
0:32 of 1st period - Snap shot by Rickard Rakell.
0:32 of 1st period - Stopped by Niklas Svedberg with a rebound.
0:55 of 1st period - Icing by Slava Voynov.
0:56 of 1st period - Luke Adam wins face-off versus Drew Shore in Sasquatch zone.
1:23 of 1st period - Wrist shot by Jason Zucker.
1:23 of 1st period - Shot Blocked by Stefan Elliott.
1:25 of 1st period - Snap shot by Ryan Strome.
1:25 of 1st period - Shot Blocked by Miikka Salomaki.
1:27 of 1st period - Slapshot by Jonathan Blum.
1:27 of 1st period - Shot Blocked by Stefan Elliott.
1:29 of 1st period - Slapshot by Jonathan Blum.
1:29 of 1st period - Shot Misses the Net.
1:35 of 1st period - Wrist shot by Drew Shore.
1:35 of 1st period - Shot Misses the Net.
1:37 of 1st period - Slapshot by Drew Shore.
1:37 of 1st period - Shot Blocked by Stefan Elliott.
1:39 of 1st period - Snap shot by Slava Voynov.
1:39 of 1st period - Stopped by Niklas Svedberg with a rebound.
1:53 of 1st period - Wrist shot by Jason Zucker.
1:53 of 1st period - Shot Misses the Net.
1:55 of 1st period - Snap shot by Drew Shore.
1:55 of 1st period - Shot Misses the Net.
2:03 of 1st period - Snap shot by Drew Shore.
2:03 of 1st period - Stopped by Niklas Svedberg without a rebound.
2:04 of 1st period - Stephane Da Costa wins face-off versus Casey Cizikas in Punishers zone.
2:20 of 1st period - Snap shot by Mattias Tedenby.
2:20 of 1st period - Shot Misses the Net.
2:57 of 1st period - Snap shot by Oscar Sundqvist.
2:57 of 1st period - Stopped by Corey Crawford without a rebound.
2:58 of 1st period - Oscar Sundqvist wins face-off versus Stephane Da Costa in Sasquatch zone.
3:09 of 1st period - Slapshot by Nick Schultz.
3:09 of 1st period - Shot Misses the Net.
3:11 of 1st period - Minor Penalty to Tyler Randell for Slashing.
3:12 of 1st period - Drew Shore wins face-off versus Boone Jenner in Sasquatch zone.
5:11 of 1st period - Penalty to Tyler Randell is over, Tyler Randell is back on ice.
5:33 of 1st period - Jordan Schmaltz is hit by Jonathan Blum and loses puck.
5:58 of 1st period - Slapshot by Teemu Hartikainen.
5:58 of 1st period - Shot Blocked by Stefan Elliott.
6:42 of 1st period - Jordan Schmaltz is hit by Tyler Randell and loses puck.
7:11 of 1st period - Nick Schultz is hit by Brock Trotter and loses puck.
7:36 of 1st period - Colton Gillies is hit by Sergey Kalinin and loses puck.
7:57 of 1st period - Stefan Elliott is hit by Slava Voynov.
8:27 of 1st period - Snap shot by Drew Shore.
8:27 of 1st period - Shot Misses the Net.
8:29 of 1st period - Snap shot by Ryan Strome.
8:29 of 1st period - Shot Blocked by Stefan Elliott.
8:31 of 1st period - Wrist shot by Ryan Strome.
8:31 of 1st period - Shot Blocked by Stefan Elliott.
8:33 of 1st period - Snap shot by Drew Shore.
8:33 of 1st period - Shot Misses the Net.
9:12 of 1st period - Tanner Glass is hit by Rickard Rakell and loses puck.
9:29 of 1st period - Nick Schultz is hit by Stephane Da Costa and loses puck.
9:36 of 1st period - Slapshot by Filip Forsberg.
9:36 of 1st period - Shot Blocked by David Laliberté.
9:51 of 1st period - David Laliberté is hit by Teemu Hartikainen.
10:05 of 1st period - Drew Shore is hit by Stefan Elliott and loses puck.
10:12 of 1st period - Mattias Tedenby is hit by Drew Shore and loses puck.
10:45 of 1st period - Snap shot by Stephane Da Costa.
10:45 of 1st period - Shot Misses the Net.
10:47 of 1st period - Slapshot by Olli Maatta.
10:47 of 1st period - Shot Blocked by Mattias Tedenby.
10:49 of 1st period - Slapshot by Stephane Da Costa.
10:49 of 1st period - Stopped by Niklas Svedberg with a rebound.
11:06 of 1st period - Mattias Tedenby is hit by Ryan Strome and loses puck.
11:11 of 1st period - Snap shot by Drew Shore.
11:11 of 1st period - Shot Misses the Net.
11:23 of 1st period - Snap shot by Mattias Tedenby.
11:23 of 1st period - Stopped by Corey Crawford without a rebound.
11:24 of 1st period - Luke Adam wins face-off versus Sergey Kalinin in Sasquatch zone.
11:25 of 1st period - Backhand shot by Miikka Salomaki.
11:25 of 1st period - Stopped by Corey Crawford with a rebound.
11:27 of 1st period - Wrist shot by Colton Gillies.
11:27 of 1st period - Shot Misses the Net.
11:29 of 1st period - Snap shot by Colton Gillies.
11:29 of 1st period - Shot Blocked by Sergey Kalinin.
12:11 of 1st period - Robbie Earl is hit by Tyler Randell.
12:21 of 1st period - Slapshot by Stephane Da Costa.
12:21 of 1st period - Stopped by Niklas Svedberg without a rebound.
12:22 of 1st period - Drew Shore wins face-off versus Boone Jenner in Punishers zone.
12:25 of 1st period - Snap shot by Drew Shore.
12:25 of 1st period - Stopped by Niklas Svedberg with a rebound.
12:27 of 1st period - Slapshot by Drew Shore.
12:27 of 1st period - Shot Blocked by David Laliberté.
12:29 of 1st period - Slapshot by Yann Sauvé.
12:29 of 1st period - Shot Blocked by David Rundblad.
12:31 of 1st period - Wrist shot by Yann Sauvé.
12:31 of 1st period - Shot Blocked by David Rundblad.
12:33 of 1st period - Snap shot by Drew Shore.
12:33 of 1st period - Shot Misses the Net.
12:35 of 1st period - Slapshot by Yann Sauvé.
12:35 of 1st period - Shot Misses the Net.
12:37 of 1st period - Snap shot by Jason Zucker.
12:37 of 1st period - Deflect By Ryan Strome.
12:37 of 1st period - Stopped by Niklas Svedberg without a rebound.
12:38 of 1st period - Casey Cizikas wins face-off versus Rickard Rakell in Punishers zone.
12:38 of 1st period - Casey Cizikas is hit by Nick Leddy.
13:40 of 1st period - Minor Penalty to Jason Zucker for Cross-checking.
13:41 of 1st period - Boone Jenner wins face-off versus Drew Shore in Sasquatch zone.
13:42 of 1st period - Wrist shot by Mattias Tedenby.
13:42 of 1st period - Shot Blocked by Yann Sauvé.
13:44 of 1st period - Snap shot by David Rundblad.
13:44 of 1st period - Deflect By Robbie Earl.
13:44 of 1st period - Shot Blocked by Slava Voynov.
13:44 of 1st period - Puck is out of play.
13:45 of 1st period - Boone Jenner wins face-off versus Drew Shore in Sasquatch zone.
13:50 of 1st period - Snap shot by Robbie Earl.
13:50 of 1st period - Shot Blocked by Slava Voynov.
13:52 of 1st period - Snap shot by Mattias Tedenby.
13:52 of 1st period - Deflect By Robbie Earl.
13:52 of 1st period - Deflect By Garnet Hathaway.
13:52 of 1st period - Goal by Robbie Earl - Sasquatch : 0 - Punishers : 1.
13:53 of 1st period - Casey Cizikas wins face-off versus Stephane Da Costa in neutral zone.
14:18 of 1st period - Nick Leddy is hit by Boone Jenner and loses puck.
15:02 of 1st period - Snap shot by Mattias Tedenby.
15:02 of 1st period - Shot Misses the Net.
15:04 of 1st period - Slapshot by Stefan Elliott.
15:04 of 1st period - Shot Blocked by Michal Jordan.
15:04 of 1st period - Michal Jordan from Sasquatch is injured at 15:04 of 1st period (Abdomen/Ribs).
15:05 of 1st period - Casey Cizikas wins face-off versus Stephane Da Costa in Sasquatch zone.
15:11 of 1st period - Icing by Nick Leddy.
15:12 of 1st period - Stephane Da Costa wins face-off versus Casey Cizikas in Sasquatch zone.
15:12 of 1st period - Stephane Da Costa is hit by Robbie Earl.
15:22 of 1st period - Snap shot by Nick Leddy.
15:22 of 1st period - Stopped by Niklas Svedberg without a rebound.
15:23 of 1st period - Stephane Da Costa wins face-off versus Casey Cizikas in Punishers zone.
16:10 of 1st period - Wrist shot by Sergey Kalinin.
16:10 of 1st period - Shot Misses the Net.
16:20 of 1st period - Slapshot by David Laliberté.
16:20 of 1st period - Shot Misses the Net.
16:36 of 1st period - Backhand shot by Mattias Tedenby.
16:36 of 1st period - Deflect By Casey Cizikas.
16:36 of 1st period - Shot Misses the Net.
16:36 of 1st period - Puck is out of play.
16:37 of 1st period - Brock Trotter wins face-off versus Casey Cizikas in Sasquatch zone.
16:42 of 1st period - Slapshot by Mattias Tedenby.
16:42 of 1st period - Stopped by Corey Crawford without a rebound.
16:43 of 1st period - Stephane Da Costa wins face-off versus Casey Cizikas in Sasquatch zone.
16:58 of 1st period - Snap shot by Mattias Tedenby.
16:58 of 1st period - Shot Misses the Net.
17:13 of 1st period - Miikka Salomaki is hit by Ryan Strome and loses puck.
17:55 of 1st period - Wrist shot by Robbie Earl.
17:55 of 1st period - Stopped by Corey Crawford with a rebound.
17:57 of 1st period - Snap shot by Adam McQuaid.
17:57 of 1st period - Stopped by Corey Crawford without a rebound.
17:58 of 1st period - Drew Shore wins face-off versus Casey Cizikas in Sasquatch zone.
17:58 of 1st period - Drew Shore is hit by Robbie Earl.
18:08 of 1st period - Wrist shot by Drew Shore.
18:08 of 1st period - Stopped by Niklas Svedberg without a rebound.
18:09 of 1st period - Casey Cizikas wins face-off versus Stephane Da Costa in Punishers zone.
18:09 of 1st period - Casey Cizikas is hit by Filip Forsberg.
18:19 of 1st period - Icing by Filip Forsberg.
18:20 of 1st period - Casey Cizikas wins face-off versus Stephane Da Costa in Sasquatch zone.
18:25 of 1st period - Snap shot by Robbie Earl.
18:25 of 1st period - Shot Misses the Net.
18:27 of 1st period - Snap shot by Casey Cizikas.
18:27 of 1st period - Goal by Casey Cizikas - Sasquatch : 0 - Punishers : 2.
18:28 of 1st period - Casey Cizikas wins face-off versus Stephane Da Costa in neutral zone.
18:33 of 1st period - Wrist shot by Mattias Tedenby.
18:33 of 1st period - Stopped by Corey Crawford with a rebound.
18:39 of 1st period - Snap shot by Robbie Earl.
18:39 of 1st period - Shot Misses the Net.
18:49 of 1st period - Minor Penalty to Filip Forsberg for Hooking.
18:50 of 1st period - Boone Jenner wins face-off versus Drew Shore in Sasquatch zone.
18:57 of 1st period - Snap shot by Mattias Tedenby.
18:57 of 1st period - Shot Misses the Net.
18:59 of 1st period - Slapshot by David Rundblad.
18:59 of 1st period - Deflect By Garnet Hathaway.
18:59 of 1st period - Stopped by Corey Crawford with a rebound.
19:01 of 1st period - Wrist shot by Damon Severson.
19:01 of 1st period - Stopped by Corey Crawford with a rebound.
19:03 of 1st period - Slapshot by David Rundblad.
19:03 of 1st period - Stopped by Corey Crawford without a rebound.
19:04 of 1st period - Boone Jenner wins face-off versus Drew Shore in Sasquatch zone.
19:05 of 1st period - Snap shot by Mattias Tedenby.
19:05 of 1st period - Stopped by Corey Crawford without a rebound.
19:06 of 1st period - Drew Shore wins face-off versus Boone Jenner in Sasquatch zone.
Goals for this period are 0 for Sasquatch vs 2 for Punishers.
Shots for this period are 9 for Sasquatch vs 13 for Punishers.
2nd period
0:01 of 2nd period - Boone Jenner wins face-off versus Drew Shore in neutral zone.
0:08 of 2nd period - Snap shot by Robbie Earl.
0:08 of 2nd period - Shot Misses the Net.
0:10 of 2nd period - Snap shot by Robbie Earl.
0:10 of 2nd period - Stopped by Corey Crawford with a rebound.
0:49 of 2nd period - Penalty to Filip Forsberg is over, Filip Forsberg is back on ice.
1:17 of 2nd period - Slapshot by Nick Leddy.
1:17 of 2nd period - Shot Blocked by Nick Schultz.
1:41 of 2nd period - Slapshot by Tanner Glass.
1:41 of 2nd period - Stopped by Corey Crawford with a rebound.
1:51 of 2nd period - Minor Penalty to Teemu Hartikainen for Hooking.
1:52 of 2nd period - Boone Jenner wins face-off versus Drew Shore in Sasquatch zone.
2:05 of 2nd period - Wrist shot by Mattias Tedenby.
2:05 of 2nd period - Stopped by Corey Crawford with a rebound.
2:07 of 2nd period - Snap shot by David Rundblad.
2:07 of 2nd period - Shot Blocked by Yann Sauvé.
2:26 of 2nd period - Garnet Hathaway is hit by David Laliberté and loses puck.
2:59 of 2nd period - Sergey Kalinin is hit by Tanner Glass and loses puck.
3:10 of 2nd period - Slava Voynov is hit by Robbie Earl.
3:30 of 2nd period - Yann Sauvé is hit by Mattias Tedenby and loses puck.
3:51 of 2nd period - Penalty to Teemu Hartikainen is over, Teemu Hartikainen is back on ice.
4:10 of 2nd period - Miikka Salomaki is hit by Teemu Hartikainen and loses puck.
4:23 of 2nd period - Miikka Salomaki is hit by Nick Leddy and loses puck.
4:36 of 2nd period - Slapshot by Nick Leddy.
4:36 of 2nd period - Shot Misses the Net.
4:44 of 2nd period - Snap shot by Teemu Hartikainen.
4:44 of 2nd period - Shot Misses the Net.
4:50 of 2nd period - Slapshot by Adam McQuaid.
4:50 of 2nd period - Shot Misses the Net.
5:05 of 2nd period - Wrist shot by Luke Adam.
5:05 of 2nd period - Shot Hit the Post.
5:07 of 2nd period - Slapshot by Stefan Elliott.
5:07 of 2nd period - Stopped by Corey Crawford with a rebound.
5:09 of 2nd period - Snap shot by Adam McQuaid.
5:09 of 2nd period - Stopped by Corey Crawford with a rebound.
5:11 of 2nd period - Slapshot by Stefan Elliott.
5:11 of 2nd period - Stopped by Corey Crawford without a rebound.
5:12 of 2nd period - Stephane Da Costa wins face-off versus Robbie Earl in Sasquatch zone.
5:27 of 2nd period - Snap shot by Stephane Da Costa.
5:27 of 2nd period - Stopped by Niklas Svedberg without a rebound.
5:28 of 2nd period - Boone Jenner wins face-off versus Drew Shore in Punishers zone.
5:33 of 2nd period - Slapshot by Nick Leddy.
5:33 of 2nd period - Stopped by Niklas Svedberg with a rebound.
5:38 of 2nd period - Icing by David Rundblad.
5:39 of 2nd period - Boone Jenner wins face-off versus Stephane Da Costa in Punishers zone.
5:55 of 2nd period - Minor Penalty to Stephane Da Costa for Roughing.
5:56 of 2nd period - Drew Shore wins face-off versus Boone Jenner in Sasquatch zone.
5:56 of 2nd period - Drew Shore is hit by Robbie Earl.
7:20 of 2nd period - Slava Voynov is hit by David Laliberté and loses puck.
7:55 of 2nd period - Penalty to Stephane Da Costa is over, Stephane Da Costa is back on ice.
8:01 of 2nd period - Wrist shot by Filip Forsberg.
8:01 of 2nd period - Shot Misses the Net.
8:58 of 2nd period - Slapshot by Nick Leddy.
8:58 of 2nd period - Stopped by Niklas Svedberg with a rebound.
9:38 of 2nd period - Tanner Glass is hit by Ryan Strome and loses puck.
9:51 of 2nd period - Olli Maatta is hit by Colton Gillies and loses puck.
10:18 of 2nd period - Icing by Sergey Kalinin.
10:19 of 2nd period - Drew Shore wins face-off versus Luke Adam in Sasquatch zone.
10:24 of 2nd period - Stefan Elliott is hit by Jason Zucker and loses puck.
10:54 of 2nd period - Tyler Randell is hit by Casey Cizikas and loses puck.
11:40 of 2nd period - Wrist shot by Robbie Earl.
11:40 of 2nd period - Stopped by Corey Crawford with a rebound.
12:38 of 2nd period - David Rundblad is hit by Drew Shore and loses puck.
12:45 of 2nd period - Wrist shot by Stephane Da Costa.
12:45 of 2nd period - Stopped by Niklas Svedberg without a rebound.
12:46 of 2nd period - Stephane Da Costa wins face-off versus Boone Jenner in Punishers zone.
12:51 of 2nd period - Snap shot by Brock Trotter.
12:51 of 2nd period - Shot Misses the Net.
12:53 of 2nd period - Minor Penalty to Boone Jenner for Slashing.
12:54 of 2nd period - Robbie Earl wins face-off versus Drew Shore in Punishers zone.
12:54 of 2nd period - Robbie Earl is hit by Filip Forsberg.
13:00 of 2nd period - Minor Penalty to Drew Shore for Tripping.
13:01 of 2nd period - Robbie Earl wins face-off versus Rickard Rakell in Sasquatch zone.
13:04 of 2nd period - Wrist shot by Tanner Glass.
13:04 of 2nd period - Stopped by Corey Crawford with a rebound.
13:16 of 2nd period - Snap shot by Rickard Rakell.
13:16 of 2nd period - Stopped by Niklas Svedberg with a rebound.
13:57 of 2nd period - Stefan Elliott is hit by Stephane Da Costa and loses puck.
14:09 of 2nd period - Off-side.
14:10 of 2nd period - Robbie Earl wins face-off versus Stephane Da Costa in neutral zone.
14:53 of 2nd period - Penalty to Boone Jenner is over, Boone Jenner is back on ice.
15:00 of 2nd period - Penalty to Drew Shore is over, Drew Shore is back on ice.
15:38 of 2nd period - Slapshot by Yann Sauvé.
15:38 of 2nd period - Stopped by Niklas Svedberg with a rebound.
16:04 of 2nd period - Snap shot by Slava Voynov.
16:04 of 2nd period - Deflect By David Rundblad.
16:04 of 2nd period - Goal by Slava Voynov - Sasquatch : 1 - Punishers : 2.
16:05 of 2nd period - Stephane Da Costa wins face-off versus Boone Jenner in neutral zone.
16:18 of 2nd period - Snap shot by Stephane Da Costa.
16:18 of 2nd period - Stopped by Niklas Svedberg without a rebound.
16:19 of 2nd period - Casey Cizikas wins face-off versus Stephane Da Costa in Punishers zone.
16:26 of 2nd period - Wrist shot by Mattias Tedenby.
16:26 of 2nd period - Stopped by Corey Crawford with a rebound.
16:32 of 2nd period - Snap shot by Robbie Earl.
16:32 of 2nd period - Stopped by Corey Crawford with a rebound.
16:34 of 2nd period - Wrist shot by Robbie Earl.
16:34 of 2nd period - Stopped by Corey Crawford without a rebound.
16:35 of 2nd period - Boone Jenner wins face-off versus Drew Shore in Sasquatch zone.
16:44 of 2nd period - Snap shot by Tanner Glass.
16:44 of 2nd period - Shot Misses the Net.
17:13 of 2nd period - Minor Penalty to Jonathan Blum for Tripping.
17:14 of 2nd period - Mattias Tedenby wins face-off versus Drew Shore in Sasquatch zone.
17:29 of 2nd period - Wrist shot by Mattias Tedenby.
17:29 of 2nd period - Goal by Mattias Tedenby - Sasquatch : 1 - Punishers : 3.
17:30 of 2nd period - Casey Cizikas wins face-off versus Stephane Da Costa in neutral zone.
17:37 of 2nd period - Snap shot by Mattias Tedenby.
17:37 of 2nd period - Shot Misses the Net.
17:39 of 2nd period - Wrist shot by Casey Cizikas.
17:39 of 2nd period - Shot Blocked by Yann Sauvé.
17:41 of 2nd period - Snap shot by Casey Cizikas.
17:41 of 2nd period - Shot Misses the Net.
17:43 of 2nd period - Slapshot by Casey Cizikas.
17:43 of 2nd period - Stopped by Corey Crawford without a rebound.
17:44 of 2nd period - Tyler Randell wins face-off versus Casey Cizikas in Sasquatch zone.
17:51 of 2nd period - David Rundblad is hit by Tyler Randell and loses puck.
17:56 of 2nd period - Snap shot by Stephane Da Costa.
17:56 of 2nd period - Shot Blocked by David Rundblad.
18:06 of 2nd period - Minor Penalty to Mattias Tedenby for Tripping.
18:07 of 2nd period - Robbie Earl wins face-off versus Drew Shore in Punishers zone.
18:20 of 2nd period - Nick Leddy is hit by Tanner Glass.
Goals for this period are 1 for Sasquatch vs 1 for Punishers.
Shots for this period are 8 for Sasquatch vs 13 for Punishers.
3rd period
0:01 of 3rd period - Drew Shore wins face-off versus Robbie Earl in neutral zone.
0:06 of 3rd period - Penalty to Mattias Tedenby is over, Mattias Tedenby is back on ice.
0:15 of 3rd period - Snap shot by Filip Forsberg.
0:15 of 3rd period - Shot Misses the Net.
0:46 of 3rd period - Slapshot by Jason Zucker.
0:46 of 3rd period - Stopped by Niklas Svedberg without a rebound.
0:47 of 3rd period - Drew Shore wins face-off versus Boone Jenner in Punishers zone.
1:02 of 3rd period - Nick Schultz is hit by Drew Shore and loses puck.
1:11 of 3rd period - Ryan Strome is hit by Boone Jenner and loses puck.
1:22 of 3rd period - Snap shot by Drew Shore.
1:22 of 3rd period - Shot Blocked by Boone Jenner.
1:36 of 3rd period - Ryan Strome is hit by Boone Jenner and loses puck.
1:45 of 3rd period - Slapshot by David Laliberté.
1:45 of 3rd period - Stopped by Corey Crawford with a rebound.
1:47 of 3rd period - Snap shot by David Laliberté.
1:47 of 3rd period - Stopped by Corey Crawford with a rebound.
1:57 of 3rd period - Snap shot by Tanner Glass.
1:57 of 3rd period - Stopped by Corey Crawford with a rebound.
2:01 of 3rd period - Snap shot by David Laliberté.
2:01 of 3rd period - Shot Blocked by Ryan Strome.
2:03 of 3rd period - Wrist shot by Stefan Elliott.
2:03 of 3rd period - Stopped by Corey Crawford without a rebound.
2:04 of 3rd period - Stephane Da Costa wins face-off versus Casey Cizikas in Sasquatch zone.
2:34 of 3rd period - Slapshot by Nick Leddy.
2:34 of 3rd period - Deflect By Garnet Hathaway.
2:34 of 3rd period - Shot Misses the Net.
2:34 of 3rd period - Puck is out of play.
2:35 of 3rd period - Casey Cizikas wins face-off versus Rickard Rakell in Punishers zone.
2:54 of 3rd period - Snap shot by Garnet Hathaway.
2:54 of 3rd period - Shot Misses the Net.
2:56 of 3rd period - Snap shot by Garnet Hathaway.
2:56 of 3rd period - Shot Blocked by Jordan Schmaltz.
2:58 of 3rd period - Slapshot by Nick Leddy.
2:58 of 3rd period - Shot Misses the Net.
3:09 of 3rd period - Minor Penalty to Mattias Tedenby for Hooking.
3:10 of 3rd period - Drew Shore wins face-off versus Robbie Earl in Punishers zone.
3:14 of 3rd period - Wrist shot by Drew Shore.
3:14 of 3rd period - Shot Misses the Net.
3:16 of 3rd period - Wrist shot by Ty Rattie.
3:16 of 3rd period - Stopped by Niklas Svedberg without a rebound.
3:17 of 3rd period - Robbie Earl wins face-off versus Drew Shore in Punishers zone.
3:44 of 3rd period - Slapshot by Nick Leddy.
3:44 of 3rd period - Deflect By Stephane Da Costa.
3:44 of 3rd period - Stopped by Niklas Svedberg with a rebound.
5:09 of 3rd period - Penalty to Mattias Tedenby is over, Mattias Tedenby is back on ice.
5:10 of 3rd period - Ryan Strome is hit by Adam McQuaid and loses puck.
5:51 of 3rd period - Slapshot by Jonathan Blum.
5:51 of 3rd period - Stopped by Niklas Svedberg without a rebound.
5:52 of 3rd period - Luke Adam wins face-off versus Sergey Kalinin in Punishers zone.
6:17 of 3rd period - Slapshot by Jonathan Blum.
6:17 of 3rd period - Stopped by Niklas Svedberg with a rebound.
6:25 of 3rd period - Slava Voynov is hit by Mattias Tedenby and loses puck.
6:38 of 3rd period - Snap shot by Tanner Glass.
6:38 of 3rd period - Stopped by Corey Crawford without a rebound.
6:39 of 3rd period - Boone Jenner wins face-off versus Stephane Da Costa in Sasquatch zone.
6:40 of 3rd period - Snap shot by David Laliberté.
6:40 of 3rd period - Shot Misses the Net.
7:06 of 3rd period - Wrist shot by Colton Gillies.
7:06 of 3rd period - Shot Misses the Net.
7:28 of 3rd period - Slapshot by Sergey Kalinin.
7:28 of 3rd period - Stopped by Niklas Svedberg without a rebound.
7:29 of 3rd period - Mattias Tedenby wins face-off versus Sergey Kalinin in Punishers zone.
7:50 of 3rd period - Minor Penalty to Teemu Hartikainen for Holding.
7:51 of 3rd period - Boone Jenner wins face-off versus Garnet Hathaway in Sasquatch zone.
8:09 of 3rd period - Garnet Hathaway is hit by Boone Jenner and loses puck.
9:04 of 3rd period - Jonathan Blum is hit by Nick Schultz.
9:50 of 3rd period - Penalty to Teemu Hartikainen is over, Teemu Hartikainen is back on ice.
10:22 of 3rd period - Minor Penalty to Adam McQuaid for Interference.
10:23 of 3rd period - Drew Shore wins face-off versus Robbie Earl in Punishers zone.
10:28 of 3rd period - Snap shot by Filip Forsberg.
10:28 of 3rd period - Stopped by Niklas Svedberg without a rebound.
10:29 of 3rd period - Robbie Earl wins face-off versus Ty Rattie in Punishers zone.
10:37 of 3rd period - Off-side.
10:38 of 3rd period - Drew Shore wins face-off versus Robbie Earl in neutral zone.
10:49 of 3rd period - Snap shot by Drew Shore.
10:49 of 3rd period - Shot Misses the Net.
10:51 of 3rd period - Backhand shot by Drew Shore.
10:51 of 3rd period - Shot Misses the Net.
10:53 of 3rd period - Slapshot by Yann Sauvé.
10:53 of 3rd period - Shot Misses the Net.
11:03 of 3rd period - Nick Schultz is hit by Nick Leddy and loses puck.
11:27 of 3rd period - Icing by Drew Shore.
11:28 of 3rd period - Tanner Glass wins face-off versus Stephane Da Costa in Sasquatch zone.
11:47 of 3rd period - Nick Schultz is hit by Drew Shore and loses puck.
12:22 of 3rd period - Penalty to Adam McQuaid is over, Adam McQuaid is back on ice.
12:26 of 3rd period - Snap shot by Mattias Tedenby.
12:26 of 3rd period - Deflect By David Laliberté.
12:26 of 3rd period - Stopped by Corey Crawford without a rebound.
12:27 of 3rd period - Luke Adam wins face-off versus Rickard Rakell in Sasquatch zone.
12:28 of 3rd period - Slapshot by Nick Schultz.
12:28 of 3rd period - Shot Blocked by Garnet Hathaway.
13:05 of 3rd period - Slapshot by David Rundblad.
13:05 of 3rd period - Shot Misses the Net.
13:07 of 3rd period - Wrist shot by Erik Nystrom.
13:07 of 3rd period - Stopped by Corey Crawford without a rebound.
13:08 of 3rd period - Casey Cizikas wins face-off versus Drew Shore in Sasquatch zone.
13:15 of 3rd period - Snap shot by Casey Cizikas.
13:15 of 3rd period - Shot Misses the Net.
13:17 of 3rd period - Snap shot by Adam McQuaid.
13:17 of 3rd period - Stopped by Corey Crawford with a rebound.
13:19 of 3rd period - Snap shot by Casey Cizikas.
13:19 of 3rd period - Stopped by Corey Crawford without a rebound.
13:20 of 3rd period - Casey Cizikas wins face-off versus Tyler Randell in Sasquatch zone.
13:29 of 3rd period - Snap shot by Mattias Tedenby.
13:29 of 3rd period - Shot Misses the Net.
13:31 of 3rd period - Slapshot by Nick Schultz.
13:31 of 3rd period - Deflect By Robbie Earl.
13:31 of 3rd period - Stopped by Corey Crawford with a rebound.
13:59 of 3rd period - Off-side.
14:00 of 3rd period - Mattias Tedenby wins face-off versus Drew Shore in neutral zone.
14:21 of 3rd period - Minor Penalty to Ryan Strome for Tripping.
14:22 of 3rd period - Boone Jenner wins face-off versus Drew Shore in Sasquatch zone.
14:25 of 3rd period - Snap shot by Robbie Earl.
14:25 of 3rd period - Shot Misses the Net.
14:27 of 3rd period - Wrist shot by Boone Jenner.
14:27 of 3rd period - Shot Blocked by Yann Sauvé.
16:21 of 3rd period - Penalty to Ryan Strome is over, Ryan Strome is back on ice.
16:42 of 3rd period - Damon Severson is hit by Jonathan Blum.
17:35 of 3rd period - David Rundblad is hit by Teemu Hartikainen and loses puck.
18:11 of 3rd period - Damon Severson is hit by Stephane Da Costa and loses puck.
18:12 of 3rd period - Damon Severson from Punishers is injured at 18:12 of 3rd period (Back Spasms).
18:13 of 3rd period - Luke Adam wins face-off versus Rickard Rakell in Punishers zone.
18:43 of 3rd period - Wrist shot by Stephane Da Costa.
18:43 of 3rd period - Shot Misses the Net.
18:45 of 3rd period - Snap shot by Nick Leddy.
18:45 of 3rd period - Deflect By Tyler Randell.
18:45 of 3rd period - Goal by Tyler Randell - Sasquatch : 2 - Punishers : 3.
18:46 of 3rd period - Luke Adam wins face-off versus Stephane Da Costa in neutral zone.
18:49 of 3rd period - Snap shot by Robbie Earl.
18:49 of 3rd period - Stopped by Corey Crawford with a rebound.
18:54 of 3rd period - Minor Penalty to Stefan Elliott for Hooking.
18:55 of 3rd period - Tanner Glass wins face-off versus Filip Forsberg in Punishers zone.
18:55 of 3rd period - Tanner Glass is hit by Nick Leddy.
19:05 of 3rd period - Icing by Ty Rattie.
19:06 of 3rd period - Filip Forsberg wins face-off versus Robbie Earl in Sasquatch zone.
19:11 of 3rd period - Sasquatch, Corey Crawford is pulled from the net.
19:27 of 3rd period - Wrist shot by Drew Shore.
19:27 of 3rd period - Goal by Drew Shore - Sasquatch : 3 - Punishers : 3.
19:27 of 3rd period - Corey Crawford from Sasquatch was sent back in the game.
19:28 of 3rd period - Brock Trotter wins face-off versus Luke Adam in neutral zone.
Goals for this period are 2 for Sasquatch vs 0 for Punishers.
Shots for this period are 9 for Sasquatch vs 11 for Punishers.
Overtime #1
0:01 of 1st overtime period - Drew Shore wins face-off versus Robbie Earl in neutral zone.
0:42 of 1st overtime period - Slapshot by Stephane Da Costa.
0:42 of 1st overtime period - Stopped by Niklas Svedberg without a rebound.
0:43 of 1st overtime period - Robbie Earl wins face-off versus Stephane Da Costa in Punishers zone.
0:54 of 1st overtime period - Mattias Tedenby is hit by Filip Forsberg and loses puck.
1:55 of 1st overtime period - Wrist shot by Rickard Rakell.
1:55 of 1st overtime period - Goal by Rickard Rakell - Sasquatch : 4 - Punishers : 3.
Goals for this period are 1 for Sasquatch vs 0 for Punishers.
Shots for this period are 2 for Sasquatch vs 0 for Punishers.
Back to the Top